 Dungeon Crawl Stone Soup version 0.25-a0-2-g6559c6c67a (webtiles) character file.

Game seed: 17236541979751014799, levelgen mode: deterministic

4834 Kohma the Slinger (level 10, -3/66 HPs)
             Began as a Halfling Hunter on Oct 14, 2019.
             Was an Initiate of Gozag.
             Slain by a hornet (13 damage)
             ... on level 9 of the Dungeon.
             The game lasted 00:32:37 (9396 turns).

Kohma the Slinger (Halfling Hunter)                 Turns: 9396, Time: 00:32:38

Health: -3/66      AC:  9    Str: 19    XL:     10   Next: 77%
Magic:  10/10      EV: 18    Int:  9    God:    Gozag
Gold:   785        SH:  0    Dex: 19    Spells: 9/9 levels left

rFire    + . .     SeeInvis .   a - +2 hunting sling
rCold    . . .     Gourm    .   (shield restricted)
rNeg     . . .     Faith    .   E - +0 ring mail {rF+}
rPois    .         Spirit   .   i - +2 helmet
rElec    .         Reflect  .   (no cloak)
rCorr    .         Harm     .   (no gloves)
MR       .....                  (no boots)
Stlth    ++........             (no amulet)
HPRegen  0.21/turn              h - +6 ring of strength
MPRegen  0.12/turn              N - ring of stealth

@: lethally poisoned (-3 -> -17), slowed, studying Conjurations, very slow
A: small, mutation resistance 1
a: Potion Petition, Call Merchant, Bribe Branch, Renounce Religion


You were on level 9 of the Dungeon.
You worshipped Gozag.
Gozag was pleased with you.
You were very hungry.

You visited 2 branches of the dungeon, and saw 11 of its levels.

You collected 1443 gold pieces.
You paid 658 gold pieces to Gozag.

Inventory:

Hand Weapons
 a - a +2 hunting sling (weapon)
 b - the +8 dagger "Fowkyum" {drain, rElec rC++ Dex+2 Stlth-}
   (You found it on level 7 of the Dungeon)

   A truly terrible weapon, it drains the life of those it strikes.
   It affects your dexterity (+2).
   It greatly protects you from cold.
   It insulates you from electricity.
   It makes you less stealthy.
 G - the +9 staff of Olgreb {rPois}
   (You found it on level 7 of the Dungeon)

   It protects you from poison.
Missiles
 d - 12 sling bullets
 e - 127 stones (quivered)
 q - 52 poisoned darts
 A - 2 throwing nets
Armour
 i - a +2 helmet (worn)
 v - a +1 shield
 E - a +0 ring mail of fire resistance (worn)
Jewellery
 h - a +6 ring of strength (left hand)
 w - an uncursed ring of magical power
 y - a +2 ring of strength
 D - an uncursed ring of ice
 M - a +3 ring of intelligence
 N - a ring of stealth (right hand)
Wands
 m - a wand of paralysis (9)
 K - a wand of flame (25)
Scrolls
 c - 3 scrolls of teleportation
 j - 2 scrolls of enchant armour
 n - 2 scrolls of enchant weapon
 o - 3 scrolls of fog
 r - a scroll of magic mapping
 u - 3 scrolls of remove curse
 B - a scroll of fear
 H - a scroll of blinking
Potions
 g - a potion of magic
 k - 3 potions of agility
 l - 2 potions of heal wounds
 p - 2 potions of flight
 t - 3 potions of mutation
 x - a potion of resistance {unknown}
 z - 2 potions of lignification
 C - a potion of haste {unknown}
 F - a potion of might {unknown}
 I - a potion of invisibility {unknown}
 J - 2 potions of curing
 L - a potion of ambrosia {unknown}
Books
 s - a manual of Conjurations
Miscellaneous
 O - a sack of spiders
Comestibles
 f - 19 rations


   Skills:
 - Level 5.1 Fighting
 - Level 5.0 Short Blades
 - Level 12.0 Slings
 - Level 6.0 Armour
 * Level 5.8 Dodging
 - Level 1.1 Stealth
 + Level 8.9 Shields


You had 9 spell levels left.
You didn't know any spells.
Your spell library contained the following spells:

 Spells                   Type           Power        Failure   Level  Hunger
 Corona                   Hex            #......      54%         1    ##.....
 Sting                    Conj/Pois      #...         54%         1    ##.....
 Ensorcelled Hibernation  Hex/Ice        #.....       69%         2    ###....
 Poisonous Vapours        Pois/Air       #.....       69%         2    ###....
 Confuse                  Hex            #.......     89%         3    ####...
 Conjure Flame            Conj/Fire      #.......     89%         3    ####...
 Dazzling Spray           Conj/Hex       #.....       89%         3    ####...
 Mephitic Cloud           Conj/Pois/Air  #.......     89%         3    ####...
 Tukima's Dance           Hex            #.......     89%         3    ####...
 Olgreb's Toxic Radiance  Pois           #.......     100%        4    #####..
 Venom Bolt               Conj/Pois      #.........   100%        5    ######.
 Freezing Cloud           Conj/Ice/Air   #.........   100%        6    #######
 Ring of Flames           Chrm/Fire      #.........   100%        7    #######


Dungeon Overview and Level Annotations

Branches:
Dungeon (10/15)            Temple (1/1) D:4
   Lair: D:8-11         Orc: D:9-12

Altars:
Ashenzari
Cheibriados
Dithmenos
Elyvilon
Fedhas
Gozag
Hepliaklqana
Kikubaaqudgha
Makhleb
Nemelex Xobeh
Okawaru
Qazlal
Ru
Sif Muna
Trog
Uskayaw
Vehumet
Wu Jian
Xom
Yredelemnul
Zin
The Shining One

Shops:
D:8 (   D:10 [


Innate Abilities, Weirdness & Mutations

You are small and have problems with some larger weapons.
You are somewhat resistant to further mutation.


Message History

You are too injured to fight recklessly!
You are too injured to fight recklessly!
You are too injured to fight recklessly!
You are too injured to fight recklessly!
You are too injured to fight recklessly!
The hornet stings you but does no damage.
The hippogriff misses you.
The hippogriff pecks you but does no damage.
The hippogriff completely misses you. The hornet stings you.
You are poisoned.
You feel yourself slow down. The hornet stings you!
* * * LOW HITPOINT WARNING * * *
You are lethally poisoned!
You feel as though you will be slow longer.
* * * LOW HITPOINT WARNING * * *
You feel very sick. The hornet stings you!
You die...
Your body crumbles into a pile of gold.

.........#.....#..##(##########
.#........#.####..#..#
..........#..#....#..#
...............#..(.##
........##.#...#..###
....###.##..#..#..#
....#.......#.....#
....#.##.......#..#
....#.##........@.#
#####.##.......Hy##
#####.##.#.####..#
.........#(.....>#
##################


You could see a hippogriff and a hornet.

Vanquished Creatures
  2 trolls
  5 yaks (D:9)
  A steam dragon (D:7)
  A water moccasin (D:7)
  An orc warrior (D:8)
  An ice beast (D:8)
  A sky beast (D:6)
  A black bear (D:8)
  4 ogres
  6 centaurs
  A big kobold (D:8)
  7 bullfrogs
  3 scorpions
  5 wights (D:6)
  6 killer bees (D:8)
  2 electric eels (D:7)
  5 crimson imps
  6 howler monkeys
  2 orc priests
  A hound (D:4)
  A centaur skeleton (D:8)
  An iguana (D:6)
  3 orc wizards
  4 worker ants
  2 hound zombies
  A hound skeleton (D:7)
  21 adders
  6 gnolls
  4 shadow imps
  4 oozes
  3 adder skeletons
  2 worms
  3 dart slugs (D:3)
  9 leopard geckos
  8 orcs
  6 bats
  A giant cockroach (D:2)
  6 goblins
  15 hobgoblins
  A jackal (D:4)
  9 quokkas
  2 ball pythons
  8 frilled lizards
  7 kobolds
  A quokka skeleton (D:6)
  9 rats
  2 plants (D:2)
200 creatures vanquished.

Notes
Turn   | Place    | Note
-------+----------+-------------------------------------------
     0 | D:1      | Kohma the Halfling Hunter began the quest for the Orb.
     0 | D:1      | Reached XP level 1. HP: 14/14 MP: 1/1
    33 | D:1      | Reached skill level 6 in Slings
    86 | D:1      | Reached XP level 2. HP: 19/19 MP: 2/2
   308 | D:1      | Reached skill level 7 in Slings
   308 | D:1      | Reached XP level 3. HP: 24/24 MP: 3/3
   907 | D:2      | Reached XP level 4. HP: 26/29 MP: 4/4
   927 | D:2      | Reached skill level 8 in Slings
  1305 | D:2      | Reached XP level 5. HP: 27/34 MP: 5/5
  1430 | D:2      | Found a faded altar of an unknown god.
  1943 | D:3      | Reached skill level 9 in Slings
  2653 | D:4      | Reached XP level 6. HP: 40/40 MP: 6/6
  2800 | D:4      | Reached skill level 10 in Slings
  2858 | D:4      | Reached XP level 7. HP: 46/46 MP: 7/7
  2932 | D:4      | Found an ornate altar of the Wu Jian Council.
  3101 | D:4      | Found a staircase to the Ecumenical Temple.
  3107 | Temple   | Entered the Ecumenical Temple
  3162 | Temple   | Became a worshipper of Gozag Ym Sagoz the Greedy
  3315 | D:4      | Reached skill level 11 in Slings
  3579 | D:5      | Entered Level 5 of the Dungeon
  3741 | D:5      | Found a blossoming altar of Fedhas.
  3741 | D:5      | Found a shadowy altar of Dithmenos.
  3741 | D:5      | Found a snail-covered altar of Cheibriados.
  3809 | D:5      | Found an ancient bone altar of Kikubaaqudgha.
  3809 | D:5      | Found a sparkling altar of Nemelex Xobeh.
  3826 | D:5      | Found a shimmering altar of Xom.
  3828 | D:5      | Found a faded altar of an unknown god.
  3830 | D:5      | Found an iron altar of Okawaru.
  4663 | D:6      | Reached XP level 8. HP: 54/54 MP: 8/8
  4782 | D:6      | Reached skill level 12 in Slings
  4899 | D:6      | Reached skill level 5 in Fighting
  4959 | D:6      | Reached skill level 1 in Shields
  4966 | D:6      | Reached skill level 1 in Armour
  5029 | D:6      | Found a shimmering blue altar of Sif Muna.
  5754 | D:7      | Reached XP level 9. HP: 56/61 MP: 9/9
  5888 | D:7      | Reached skill level 5 in Shields
  6019 | D:7      | Got a crude dagger
  6020 | D:7      | Identified the +8 dagger "Fowkyum" {drain, rElec rC++ Dex+2
                  | Stlth-} (You found it on level 7 of the Dungeon)
  6108 | D:7      | Reached skill level 1 in Short Blades
  6694 | D:7      | Found a glowing golden altar of the Shining One.
  6788 | D:7      | Found the +9 staff of Olgreb {rPois}
  7061 | D:8      | Found a hide-covered altar of Uskayaw.
  7378 | D:8      | Reached skill level 5 in Short Blades
  7427 | D:8      | Reached skill level 5 in Armour
  7628 | D:8      | Reached XP level 10. HP: 66/66 MP: 10/10
  8673 | D:9      | Reached skill level 5 in Dodging
  9326 | D:10     | Entered Level 10 of the Dungeon
  9348 | D:10     | Found Biudireg's Armour Boutique.
  9389 | D:10     | Paralysed by a hornet for 2 turns
  9396 | D:9      | Slain by a hornet

Levels and vault maps discovered:
D:1:      scummos_arrival_gate, layout_basic
D:2:      wad_woods_tower, layout_rooms, chequers_ecumenical_altar_island,
          first_ration
D:3:      layout_loops_corners
D:4:      layout_rooms, lemuel_crystal_altar,
          minmay_temple_entry_enclosed_plants, grunt_ministairs_6,
          minmay_misc_feat_cross, minmay_manual_mullet
D:5:      layout_loops_ring, chequers_temple_overflow_minitemple,
          chequers_temple_overflow_statue_of_worship
D:6:      layout_loops_ring, led_sif_pool
D:7:      kennysheep_big_flooded_room, layout_basic, marbit_many_paths
D:8:      layout_basic, eat_drink_and_be_merry_uskayaw, blue_anna_alchemist
          [blue_anna_fruit_fields, blue_anna_fruit_fields]
D:9:      layout_basic, roderic_lattice_a
D:10:     layout_big_octagon, lair_entry_dummy, serial_shops,
          kennysheep_little_box, shop, shop, grunt_decor_cap, nicolae_sextant
Temple:   nicolae_temple_x_marks_the_god

Skill      XL: |  1  2  3  4  5  6  7  8  9 10 |
---------------+-------------------------------+-----
Slings         | 6 7 8 9 10 11 12 | 12.0
Fighting       | 2 3 5 |  5.1
Shields        | 3 6 8 |  8.9
Armour         | 2 5 6 |  6.0
Short Blades   | 5 |  5.0
Dodging        | 5 |  5.8
Stealth        | |  1.1

Action                   |  1- 3 |  4- 6 |  7- 9 | 10-12 || total
-------------------------+-------+-------+-------+-------++-------
Melee: Short sword       |       |   142 |    49 |       ||   191
 Fire: Hunting sling     |    76 |   174 |   387 |   206 ||   843
Invok: Call Merchant     |       |       |       |     1 ||     1
  Use: Scroll            |       |       |    18 |     4 ||    22
       Potion            |       |       |       |     1 ||     1
  Eat: Chunk             |       |     6 |     1 |       ||     7
       Ration            |       |       |     4 |     1 ||     5
Armor: Ring mail         |     1 |       |    37 |    17 ||    55
       Scale mail        |     1 |    32 |    24 |       ||    57
Dodge: Dodged            |     5 |    55 |   125 |    61 ||   246

Table legend:
 A = Non-vault XP
 B = Vault XP
 C = Vault XP percentage of total XP
 D = Non-vault monster count
 E = Vault monster count
 F = Vault count percentage of total count
                 A         B        C        D         E       F
            +---------+---------+-------+---------+---------+-------
      Total |    6334 |     572 |   8.3 |     184 |      14 |   7.1
            +---------+---------+-------+---------+---------+-------
        D:1 |      55 |       0 |   0.0 |      31 |       0 |   0.0
        D:2 |      68 |      37 |  35.2 |      19 |       6 |  24.0
        D:3 |      94 |       0 |   0.0 |      18 |       0 |   0.0
        D:4 |     272 |     251 |  48.0 |      16 |       5 |  23.8
        D:5 |     226 |       0 |   0.0 |      11 |       0 |   0.0
        D:6 |     881 |       0 |   0.0 |      25 |       0 |   0.0
        D:7 |     810 |     187 |  18.8 |      14 |       2 |  12.5
        D:8 |    1863 |      97 |   4.9 |      29 |       1 |   3.3
        D:9 |    1951 |       0 |   0.0 |      18 |       0 |   0.0
       D:10 |     114 |       0 |   0.0 |       3 |       0 |   0.0
            +---------+---------+-------+---------+---------+-------
